 Dungeon Sprint DCSS version 0.31-a0-210-gccc998df9b (webtiles) character file.

Game seed: 1183579293606175710

52 Hubris850 the Insei (level 3, -3/34 HPs)
             Began as an Octopode Transmuter on June 29, 2023.
             Was an Initiate of Okawaru.
             Slain by a gnoll sergeant
             ... wielding a +0 spear
              (8 damage)
             ... in the Dungeon (Sprint VII: "The Pits").
             The game lasted 00:01:45 (123 turns).

Hubris850 the Insei (Octopode Transmuter)            Turns: 123, Time: 00:01:47

Health: -3/34      AC:  1    Str:  9    XL:     3   Next: 85%
Magic:  7/8        EV: 13    Int: 17    God:    Okawaru [......]
Gold:   0          SH:  0    Dex: 12    Spells: 8/9 levels left

rFire   . . .        k - +2 trident (venom)
rCold   . . .        (no shield)
rNeg    . . .        (helmet currently unavailable)
rPois   .            (no amulet)
rElec   .            (no ring)
rCorr   .            (no ring)
SInv    .            (no ring)
Will    .....        (no ring) Stlth
                     (no ring)
HPRegen 0.25/turn    (no ring)
MPRegen 0.11/turn    (no ring)
                     (no ring)

%: no teleportation
@: berserking, appendages (expiring), very quick
A: tentacle spike 3, almost no armour, amphibious, 8 rings, camouflage 1,
gelatinous body 1, (nimble swimmer 1), tentacles
a: End Transformation, Renounce Religion


You were in the Dungeon.
You worshipped Okawaru.
Okawaru was noncommittal.
One of your tentacles had grown a beastly spike.
You visited 1 branch

Inventory:

Hand Weapons
 k - a +2 trident of venom (weapon)
Scrolls
 g - a scroll of blinking
 i - 5 scrolls of amnesia
 j - a scroll of butterflies
Potions
 a - a potion of lignification
 b - a potion of curing
 d - a potion of haste
 e - 4 potions of magic
 f - 2 potions of berserk rage
 h - 2 potions of invisibility


   Skills:
 - Level 1.0 Fighting
 - Level 2.0 Dodging
 - Level 5.0 Unarmed Combat
 + Level 3.6 Spellcasting
 + Level 3.8 Transmutations
 + Level 3.1 Ice Magic


You had 8 spell levels left.
You knew the following spells:

 Your Spells              Type           Power      Damage    Failure   Level
a - Beastly Appendage     Tmut           32%        N/A       3%          1

Your spell library contained the following spells:

 Spells                   Type           Power      Damage    Failure   Level
 Wereblood                Tmut           16%        N/A       4%          2
 Spider Form              Tmut/Pois      9%         N/A       22%         3
 Ice Form                 Ice/Tmut       15%        N/A       36%         4


Dungeon Overview and Level Annotations

Branches:
Dungeon (1/1)

Altars:
Ashenzari
Cheibriados
Dithmenos
Elyvilon
Fedhas
Gozag
Hepliaklqana
Kikubaaqudgha
Makhleb
Nemelex Xobeh
Okawaru
Qazlal
Ru
Sif Muna
Trog
Uskayaw
Vehumet
Wu Jian
Xom
Yredelemnul
Zin
The Shining One
Jiyva
Lugonu


Innate Abilities, Weirdness & Mutations

One of your tentacles has grown a beastly spike.
You cannot wear most types of armour.
You are amphibious.
You can wear up to eight rings at the same time.
Your skin changes colour to match your surroundings (Stealth+).
Your rubbery body absorbs attacks. (AC +1, EV +1)
((You are camouflaged when in or above water. (Stealth+)))
You have tentacles for arms and can constrict up to eight enemies at once.


Message History

You kill the gnoll!
Okawaru accepts your kill.
You feel much better.
Things that are here:
a +0 flail; a +0 whip You hit the river rat.
The river rat is poisoned.
You grab the river rat.
The river rat is moderately wounded.
You constrict the river rat.
The river rat bites you but does no damage.
You puncture the river rat!
You kill the river rat!
Okawaru accepts your kill.
Your Ice Magic skill increases to level 3!
Your transformation is almost over.
There is an open door here.
You see here an adder corpse.
The gnoll sergeant hits you from afar with a +0 spear!
There is an open door here.
Things that are here:
a +0 spear; a gnoll corpse A red film seems to cover your vision as you go berserk!
You feel yourself moving faster!
You feel mighty!
The gnoll sergeant hits you from afar with a +0 spear!
* * * LOW HITPOINT WARNING * * *
You are too injured to fight recklessly!
Reach: k) +2 trident (venom)
Press: ? - help, Dir - move target, f - gnoll sergeant
Aim: a gnoll sergeant, wielding a +0 spear and wearing a +0 scale mail (about 35% to evade your +2 trident of venom)
You reach to attack!
You hit the gnoll sergeant.
The gnoll sergeant is poisoned.
The gnoll sergeant is lightly wounded.
The gnoll sergeant hits you from afar with a +0 spear.
* * * LOW HITPOINT WARNING * * *
Reach: k) +2 trident (venom)
Press: ? - help, Dir - move target, f/p - gnoll sergeant
Aim: a gnoll sergeant, wielding a +0 spear and wearing a +0 scale mail (lightly wounded, very poisoned, about 35% to evade your +2 trident of venom)
You reach to attack!
You hit the gnoll sergeant.
The gnoll sergeant is moderately wounded.
The gnoll sergeant hits you from afar with a +0 spear!
You die...

#_________.#
#_______...###########++
##########'##...........
#.?(.')))'.##......#..#
##########.##..........
#.......)...'...........
+#####'#####......#..#.
#.†#†.##...........
+..@).#####'#####+
####'###.......#
#.g.Jr.g.##.......#
#..g.g.g.##.......#
#####+#####...<...#
#.......# #.......#
#.......# #########


You could see a gnoll sergeant (very poisoned) and a gnoll.

Vanquished Creatures
  3 gnolls (D)
  A river rat (D)
  An adder (D)
  An orc (D)
  A giant cockroach (D)
  A ball python (D)
  A rat (D)
9 creatures vanquished.

Notes
Turn   | Place    | Note
-------+----------+-------------------------------------------
     0 | D        | Hubris850 the Octopode Transmuter began the quest for the
                  | Orb.
     0 | D        | Reached XP level 1. HP: 13/13 MP: 3/3
    51 | D        | Found a glowing golden altar of the Shining One.
    51 | D        | Found a glowing silver altar of Zin.
    51 | D        | Found a basalt altar of Yredelemnul.
    51 | D        | Found a shimmering altar of Xom.
    51 | D        | Found an ornate altar of the Wu Jian Council.
    51 | D        | Found a bloodstained altar of Trog.
    51 | D        | Found a shimmering blue altar of Sif Muna.
    51 | D        | Found a sacrificial altar of Ru.
    51 | D        | Found a stormy altar of Qazlal.
    51 | D        | Found an iron altar of Okawaru.
    51 | D        | Found a sparkling altar of Nemelex Xobeh.
    51 | D        | Found a burning altar of Makhleb.
    51 | D        | Found a viscous altar of Jiyva.
    51 | D        | Found a hazy altar of Hepliaklqana.
    51 | D        | Found an opulent altar of Gozag.
    51 | D        | Found a blossoming altar of Fedhas.
    51 | D        | Found a white marble altar of Elyvilon.
    51 | D        | Found a shadowy altar of Dithmenos.
    51 | D        | Found a snail-covered altar of Cheibriados.
    52 | D        | Found a radiant altar of Vehumet.
    52 | D        | Found a corrupted altar of Lugonu.
    53 | D        | Found a hide-covered altar of Uskayaw.
    53 | D        | Found an ancient bone altar of Kikubaaqudgha.
    53 | D        | Found a broken altar of Ashenzari.
    57 | D        | Became a worshipper of Warmaster Okawaru
    73 | D        | Reached skill level 5 in Unarmed Combat
    73 | D        | Reached XP level 2. HP: 18/18 MP: 3/5
    97 | D        | Reached skill level 1 in Ice Magic
    98 | D        | Noticed a gnoll sergeant
   106 | D        | Reached XP level 3. HP: 11/23 MP: 7/7
   123 | D        | Slain by a gnoll sergeant

Illustrated notes

Levels and vault maps discovered:
D:        pitsprint [storerooms_1, entrance_room_1, metal_vault_2, armoury_3,
          mini_pit_1, grid_room_1, main_hall_1, silver_pit, the_coven_3,
          the_vestibule_1, steel_vault_5, golden_pit, hallway_of_sentries,
          crystal_vault_6, iron_vault_5, final_vault]

Skill      XL: |  1  2  3 |
---------------+----------+-----
Unarmed Combat | 5 |  5.0
Ice Magic      | 1 3 |  3.1
Spellcasting   | 3 |  3.6
Transmutations | 3 |  3.8
Fighting       | |  1.0
Dodging        | |  2.0

Action                     || total
---------------------------++-------
  Melee: Trident           ||    20
         Unarmed           ||     2
         Kick              ||     5
         Constrict         ||     4
         Tentacles         ||     2
         Punch             ||     1
   Cast: Beastly Appendage ||     4
    Use: Potion            ||     2
   Stab: Sleeping          ||     3
 Armour: Skin              ||     3
  Dodge: Dodged            ||    13

Table legend: (Time is in decaauts)
 A = Elapsed time spent in this place.
 B = Non-inter-level travel time spent in this place.
 C = Inter-level travel time spent in this place.
 D = Time resting spent in this place.
 E = Time spent auto-exploring this place.
 F = Levels seen in this place.
 G = Mean time per level.
                   A        B        C        D        E       F      G
               +--------+--------+--------+--------+--------+-----+--------+
         Total |    127 |    127 |      0 |     16 |      0 |   1 |  127.0 |
       Dungeon |    127 |    127 |      0 |     16 |      0 |   1 |  127.0 |
               +--------+--------+--------+--------+--------+-----+--------+

Top non-repeatable levels by time:
       D: 127 daAuts
